 Dungeon Crawl Stone Soup version 0.18-a0-1350-g404b4cb (webtiles) character file.

39 Ijustatesigmund the Chopper (level 3, -1/43 HPs)
             Began as a Demonspawn Berserker on Feb 18, 2016.
             Was a Believer of Trog.
             Blown up by Ijyb (13 damage)
             ... with a wand of disintegration
             ... on level 2 of the Dungeon.
             The game lasted 00:02:26 (836 turns).

Ijustatesigmund the Chopper (Demonspawn Berserker)   Turns: 836, Time: 00:02:26

Health: -1/43      AC:  2    Str: 22    XL:     3   Next: 28%
Magic:  0/3        EV: 12    Int:  8    God:    Trog [**....]
Gold:   67         SH:  0    Dex: 13    Spells: 0 memorised, 2 levels left

rFire  . . .     SeeInvis .     a - +0 hand axe
rCold  . . .     Gourm    .     b - +0 animal skin
rNeg   . . .     Faith    .     (no shield)
rPois  .         Spirit   +     (no helmet)
rElec  .         Dismiss  .     (no cloak)
rCorr  .         Reflect  .     (no gloves)
SustAt .         Harm     .     (no boots)
MR     .....                    (no amulet)
Stlth  ..........               (no ring)
                                (no ring)

@: berserking, very quick, not resistant to hostile enchantments, extremely
unstealthy
A: magic shield
a: Berserk, Trog's Hand, Burn Spellbooks, Renounce Religion


You were on level 2 of the Dungeon.
You worshipped Trog.
Trog was pleased with you.
You were not hungry.

You visited 1 branch of the dungeon, and saw 3 of its levels.

You collected 67 gold pieces.

Inventory:

Hand Weapons
 a - a +0 hand axe (weapon)
Armour
 b - a +0 animal skin (worn)
Scrolls
 l - a scroll of teleportation
 m - a scroll of remove curse
 n - a scroll of identify {unknown}
Potions
 d - a potion of flight {unknown}
 e - a potion of cure mutation {unknown}
 h - a potion of brilliance {unknown}
 i - a potion of heal wounds {unknown}
 j - a potion of magic {unknown}
 k - a potion of curing {unknown}
Comestibles
 c - a bread ration
 f - a meat ration
 g - a slice of pizza


   Skills:
 + Level 3.4 Fighting
 * Level 3.6 Axes
 - Level 1.7 Armour
 - Level 1.7 Dodging


You had 2 spell levels left.
You didn't know any spells.

Dungeon Overview and Level Annotations

Branches:
Dungeon (3/15)

Altars:

Annotations:
D:2 Ijyb


Innate Abilities, Weirdness & Mutations

When hurt, damage is shared between your health and your magic reserves.


Message History

Ijyb is moderately wounded.
Ijyb hits you.
You hit Ijyb but do no damage.
Ijyb is moderately wounded.
Ijyb barely misses you.
You hit Ijyb.
Ijyb is heavily wounded.
Ijyb barely misses you. Ijyb hits you.
* * * LOW HITPOINT WARNING * * *
You are too injured to fight recklessly!
You are too injured to fight recklessly!
You are too injured to fight recklessly!
You are too injured to fight recklessly!
You are too injured to fight recklessly!
You are too injured to fight recklessly!
You are too injured to fight recklessly!
A red film seems to cover your vision as you go berserk!
You feel yourself moving faster!
You feel mighty!
You feel somewhat more hungry.
Ijyb zaps a wand.
You are blasted!
You die...

#.#.# ##.........#.
###.#.####....###..... ##
#..........#.......... ..
#.#.#.####....###?.... #.
##.#...........# .#. #.
##...##.#####...# #.####.
#.#.#..#.## #...# .#......##
......###.# #...###...######..##
#.#.#.>#†####...@)............<##
.....#...........g..########.##.#
.......###......##.## #.....
....#### #.###### .# ###### #.#.#
#. # #...# # ##..# ##..# ##..#


You could see Ijyb.

Vanquished Creatures
  A giant gecko (D:3)
  3 bats
  3 giant cockroaches
  4 goblins (D:1)
  8 hobgoblins
  A jackal (D:1)
  3 giant newts
  4 kobolds
  9 rats
36 creatures vanquished.

Notes
Turn   | Place    | Note
--------------------------------------------------------------
     0 | D:1      | Ijustatesigmund the Demonspawn Berserker began the quest for the Orb.
     0 | D:1      | Reached XP level 1. HP: 18/18 MP: 1/1
    74 | D:1      | Gained mutation: When hurt, damage is shared between your health and your magic reserves. [demonic ancestry]
    74 | D:1      | Reached XP level 2. HP: 18/24 MP: 2/2
   394 | D:1      | Reached ** piety under Trog
   607 | D:1      | Reached XP level 3. HP: 22/29 MP: 3/3
   673 | D:2      | You fall through a shaft!
   824 | D:2      | Noticed Ijyb
   836 | D:2      | Blown up by Ijyb

Vault maps used:
D:1:      wheals_arrival_shading, minmay_unequal
D:2:      lemuel_coloured_pillars_altar, uniq_iyjb
D:3:      first_bread, minmay_misc_feat_roman, uniq_terence, uniq_grinder

Action                   || total
-------------------------++-------
Melee: Hand axe          ||    87
Invok: Berserk           ||     2
  Use: Scroll            ||     3
 Stab: Sleeping          ||     2
  Eat: Chunk             ||     1
